 Dungeon Sprint DCSS version 0.20-a0-633-gff4aa5c (webtiles) character file.

1291 Kidiri the Thaumaturge (level 8, -7/49 HPs)
             Began as a Deep Elf Fire Elementalist on Feb 11, 2017.
             Was a Believer of Vehumet.
             Mangled by Snorg (16 damage)
             ... in the Dungeon (Sprint III: "The Ten Rune Challenge").
             The game lasted 00:07:49 (1458 turns).

Kidiri the Thaumaturge (Deep Elf Fire Elementalist) Turns: 1458, Time: 00:07:50

Health: -7/49      AC:  3    Str:  5    XL:     8   Next: 30%
Magic:  14/26      EV: 18    Int: 25    God:    Vehumet [**....]
Gold:   36         SH:  0    Dex: 17    Spells: 11/31 levels left

rFire    . . .     SeeInvis .   d - +0 dagger
rCold    . . .     Gourm    .   a - +0 robe
rNeg     . . .     Faith    .   (no shield)
rPois    .         Spirit   .   (no helmet)
rElec    .         Reflect  .   (no cloak)
rCorr    .         Harm     .   (no gloves)
MR       .....     NoTele   +   i - +0 pair of boots
Stlth    ++........             (no amulet)
Regen    0.2/turn               (no ring)
                                (no ring)

@: no status effects
A: agile 1, clever 1, mutation resistance 1
a: Renounce Religion


You were in the Dungeon.
You worshipped Vehumet.
Vehumet was pleased with you.
You were not hungry.

You visited 1 branch You collected 36 gold pieces.

Inventory:

Hand Weapons
 d - a +0 dagger (weapon)
Armour
 a - a +0 robe (worn)
 i - a +0 pair of boots (worn)
Wands
 j - a wand of digging (17/24)
Scrolls
 e - 2 scrolls of immolation {unknown}
 l - 2 scrolls of identify {unknown}
 m - 2 scrolls of remove curse {unknown}
Potions
 f - a potion of haste
 g - a potion of magic
 h - 3 potions of berserk rage
 o - a potion of agility {unknown}
 p - 2 potions of flight
Comestibles
 c - a bread ration
 k - a royal jelly


   Skills:
 + Level 5.2 Fighting
 + Level 6.1 Short Blades
 + Level 5.1 Armour
 + Level 8.1 Dodging
 - Level 2.4 Stealth
 * Level 12.2 Spellcasting
 + Level 7.1 Conjurations
 + Level 7.8 Fire Magic
 + Level 1.4 Air Magic
 + Level 1.5 Poison Magic
 + Level 1.5 Evocations


You had 11 spell levels left.
You knew the following spells:

 Your Spells              Type           Power        Failure   Level  Hunger
a - Flame Tongue          Conj/Fire      #####        1%          1    None
b - Throw Flame           Conj/Fire      ######       1%          2    None
c - Conjure Flame         Conj/Fire      ######..     1%          3    None
d - Inner Flame           Hex/Fire       ####....     2%          3    None
e - Sticky Flame          Conj/Fire      ######..     1%          4    None
f - Fireball              Conj/Fire      ######....   6%          5    ###....
g - Shock                 Conj/Air       ####         1%          1    None
h - Sting                 Conj/Pois      ####         1%          1    None


Dungeon Overview and Level Annotations

Branches:
Dungeon (1/1)

Altars:
Cheibriados
Dithmenos
Elyvilon
Fedhas
Gozag
Hepliaklqana
Kikubaaqudgha
Makhleb
Nemelex Xobeh
Okawaru
Qazlal
Ru
Sif Muna
Trog
Uskayaw
Vehumet
Xom
Yredelemnul
Zin
The Shining One
Beogh
Jiyva
Lugonu

Annotations:
D Snorg


Innate Abilities, Weirdness & Mutations

You are agile. (Dex +2)
Your mind is acute. (Int +2)
You are somewhat resistant to further mutation.


Message History

Press: ? - help, Shift-Dir - straight line, f/p - Snorg
Aim: Snorg (heavily wounded, berserk, fast, unusually strong)
The sticky flame hits Snorg.
Snorg is heavily wounded.
Snorg is covered in liquid flames!
Snorg burns!
Snorg bites you! Snorg completely misses you. Snorg barely misses you.
Snorg misses you. Snorg claws you! x2
* * * LOW HITPOINT WARNING * * *
Unknown command.
Okay, then.
Unknown command.
You feel much better.
Snorg burns!
Snorg barely misses you. Snorg misses you. Snorg claws you!
* * * LOW HITPOINT WARNING * * *
Unknown command.
Unknown command.
Unknown command.
Unknown command.
Snorg burns!
Snorg misses you. Snorg claws you!
You die...

▓▓▓ ##.############
####..#___#__.#__#
#..#..#...#__)#._#
#..#..###+#+###)##
##'#..#..........#
###.).'.⌠....)...#
###...#.).######'#
##....#.⌠.#__#..@#+#####
#.....#...#__#..T#§T≈§≈+
......#+###__#...#§#§§§#
#.....#..:#__#...'.#§§.#
##....#___#__+...#.#§§§#
▓▓▓▓▓▓▓▓▓▓▓▓▓▓▓▓▓▓▓


You could see Snorg (berserk).

Vanquished Creatures
  A deep elf mage (D)
  A shadow (D)
  A spatial vortex (D)
  A necrophage (D)
  A water elemental (D)
  A jelly (D)
  A wizard (D)
  A necromancer (D)
  A kobold demonologist (D)
  3 humans (D)
  A wolf (D)
  2 oozes (D)
  2 rats (D)
17 creatures vanquished.

Vanquished Creatures (others)
  2 draconian scorchers (D)
  6 hellions (D)
  2 yaktaurs (D)
  3 plants (D)
13 creatures vanquished.

Grand Total: 30 creatures vanquished

Notes
Turn   | Place    | Note
-------+----------+-------------------------------------------
     0 | D        | Kidiri the Deep Elf Fire Elementalist began the quest for the Orb.
     0 | D        | Reached XP level 1. HP: 10/10 MP: 6/6
    42 | D        | Reached skill level 1 in Fighting
    42 | D        | Reached skill level 4 in Spellcasting
    42 | D        | Reached XP level 2. HP: 13/16 MP: 5/9
    46 | D        | Learned a level 2 spell: Throw Flame
    94 | D        | Killed a hellion
   107 | D        | Killed a hellion
   142 | D        | Reached skill level 1 in Short Blades
   142 | D        | Reached skill level 1 in Armour
   142 | D        | Reached skill level 5 in Spellcasting
   142 | D        | Reached XP level 3. HP: 9/20 MP: 2/11
   145 | D        | Killed a hellion
   146 | D        | Killed a hellion
   146 | D        | Killed a hellion
   146 | D        | Killed a hellion
   147 | D        | Learned a level 3 spell: Conjure Flame
   150 | D        | Killed a yaktaur
   151 | D        | Learned a level 3 spell: Inner Flame
   159 | D        | Killed a white draconian scorcher
   201 | D        | Killed a white draconian scorcher
   375 | D        | Gained mutation: Scrolls take you a little longer to read. [potion of mutation]
   375 | D        | Gained mutation: You are resistant to hostile enchantments. (MR+) [potion of mutation]
   375 | D        | Gained mutation: You are partially covered in iridescent scales. (AC +2) [potion of mutation]
   376 | D        | Lost mutation: Scrolls take you a little longer to read. [potion of mutation]
   376 | D        | Lost mutation: You are resistant to hostile enchantments. (MR+) [potion of mutation]
   376 | D        | Gained mutation: Armour fits poorly on your strangely shaped body. [potion of mutation]
   376 | D        | Gained mutation: Your system is resistant to poisons. (rPois) [potion of mutation]
   377 | D        | Lost mutation: Your system is resistant to poisons. (rPois) [potion of mutation]
   377 | D        | Lost mutation: You are partially covered in iridescent scales. (AC +2) [potion of mutation]
   377 | D        | Lost mutation: Armour fits poorly on your strangely shaped body. [potion of mutation]
   377 | D        | Gained mutation: Your muscles are strong. (Str +2) [potion of mutation]
   377 | D        | Gained mutation: You are somewhat resistant to further mutation. [potion of mutation]
   378 | D        | Lost mutation: Your muscles are strong. (Str +2) [potion of mutation]
   378 | D        | Gained mutation: You are agile. (Dex +2) [potion of mutation]
   378 | D        | Gained mutation: Your mind is acute. (Int +2) [potion of mutation]
   503 | D        | Noticed a water elemental
   507 | D        | Killed a water elemental
   507 | D        | Reached skill level 6 in Spellcasting
   507 | D        | Reached XP level 4. HP: 27/27 MP: 6/14
   513 | D        | Learned a level 4 spell: Sticky Flame
   568 | D        | Found a radiant altar of Vehumet.
   569 | D        | Found a deep blue altar of Sif Muna.
   569 | D        | Found an ancient bone altar of Kikubaaqudgha.
   569 | D        | Noticed a wizard
   572 | D        | Noticed a neqoxec
   587 | D        | Killed a wizard
   587 | D        | Reached skill level 7 in Spellcasting
   587 | D        | Reached skill level 5 in Fire Magic
   589 | D        | Reached XP level 5. HP: 11/31 MP: 0/17
   615 | D        | Learned a level 5 spell: Fireball
   621 | D        | Became a worshipper of Vehumet
   798 | D        | Found a glowing silver altar of Zin.
   799 | D        | Found a glowing golden altar of the Shining One.
   799 | D        | Found a white marble altar of Elyvilon.
   799 | D        | Noticed a deep elf mage
   805 | D        | Killed a deep elf mage
   805 | D        | Reached skill level 5 in Short Blades
   805 | D        | Reached skill level 10 in Spellcasting
   805 | D        | Reached XP level 6. HP: 23/39 MP: 10/21
   805 | D        | Reached XP level 7. HP: 26/44 MP: 10/23
   933 | D        | Found a hide-covered altar of Uskayaw.
   933 | D        | Found an iron altar of Okawaru.
   934 | D        | Found a roughly hewn altar of Beogh.
   934 | D        | Found a bloodstained altar of Trog.
   934 | D        | Noticed a human
   934 | D        | Noticed a human
   938 | D        | Killed a human
   938 | D        | Reached skill level 11 in Spellcasting
   945 | D        | Killed a human
   945 | D        | Reached * piety under Vehumet
   945 | D        | Offered knowledge of Shock by Vehumet.
   948 | D        | Learned a level 1 spell: Shock
   998 | D        | Found a basalt altar of Yredelemnul.
   998 | D        | Found a shadowy altar of Dithmenos.
   998 | D        | Found a sacrificial altar of Ru.
  1003 | D        | Reached skill level 5 in Fighting
  1005 | D        | Reached XP level 8. HP: 35/48 MP: 14/25
  1141 | D        | Killed a yaktaur
  1224 | D        | Offered knowledge of Sting by Vehumet.
  1224 | D        | Reached ** piety under Vehumet
  1224 | D        | Reached skill level 5 in Armour
  1227 | D        | Learned a level 1 spell: Sting
  1236 | D        | Reached skill level 12 in Spellcasting
  1236 | D        | Reached skill level 1 in Air Magic
  1236 | D        | Reached skill level 1 in Poison Magic
  1236 | D        | Reached skill level 1 in Evocations
  1310 | D        | Found a blossoming altar of Fedhas.
  1310 | D        | Found a stormy altar of Qazlal.
  1311 | D        | Found a snail-covered altar of Cheibriados.
  1311 | D        | Found a burning altar of Makhleb.
  1311 | D        | Found a hazy altar of Hepliaklqana.
  1311 | D        | Found a shimmering altar of Xom.
  1311 | D        | Found an opulent altar of Gozag.
  1311 | D        | Found a sparkling altar of Nemelex Xobeh.
  1311 | D        | Found a corrupted altar of Lugonu.
  1311 | D        | Found a viscous altar of Jiyva.
  1448 | D        | Noticed Snorg
  1456 | D        | HP: 2/48 [Snorg (13)]
  1458 | D        | Mangled by Snorg

Vault maps used:
D:        dungeon_sprint_mu

Skill      XL: |  1  2  3  4  5  6  7  8 |
---------------+-------------------------+-----
Fighting       | 1 2 4 5 |  5.2
Dodging        | 3 4 7 8 |  8.1
Spellcasting   | 4 5 6 7 10 11 12 | 12.2
Conjurations   | 2 3 4 6 7 |  7.1
Short Blades   | 1 2 3 5 6 |  6.1
Armour         | 1 2 4 5 |  5.1
Fire Magic     | 4 5 6 7 |  7.8
Air Magic      | 1 |  1.4
Poison Magic   | 1 |  1.5
Evocations     | 1 |  1.5
Stealth        | |  2.4

Action                   |  1- 3 |  4- 6 |  7- 9 || total
-------------------------+-------+-------+-------++-------
Melee: Short sword       |     1 |     2 |       ||     3
       Dagger            |       |       |     1 ||     1
 Cast: Flame Tongue      |    24 |     3 |    34 ||    61
       Throw Flame       |     3 |       |     1 ||     4
       Conjure Flame     |     1 |       |     1 ||     2
       Sticky Flame      |       |     3 |     6 ||     9
       Fireball          |       |       |     1 ||     1
  Use: Potion            |     6 |     2 |     1 ||     9
       Scroll            |       |     1 |       ||     1
 Stab: Sleeping          |     1 |       |     1 ||     2
  Eat: Royal jelly       |       |       |     2 ||     2
Armor: Robe              |     1 |       |     1 ||     2
Dodge: Dodged            |     9 |     8 |    10 ||    27
